Cogmind - Beta 10.2 @@@ ROGUE MODE // 2021.01.17 @ 02:12:54 Player: cavemonk Result: Destroyed by Y-45 Defender with Heavy Assault Rifle Performance ------------- Evolutions (0) 0 Regions Visited (2) 400 Robots Destroyed (34) 170 Value Destroyed (842) 842 Prototype IDs (2) 40 Alien Tech Used (0) 0 Bonus (0) 0 TOTAL SCORE: 1452 Bonus ------- None Cogmind --------- Core Integrity 0/250 Matter 242/300 Energy 98/100 System Corruption 0% Temperature Cool (9) Movement Treading (160) Location -10/Mines Parts ------- > --- POWER (1) -------- (None) > --- PROPULSION (2) --- Light Treads > --- UTILITY (2) ------ Improved Heat Sink Large Storage Unit > --- WEAPON (2) ------- Light Cannon > --- INVENTORY (10) --- Light Nuclear Core Large Storage Unit Large Storage Unit Large Battery (300) Improved Terrain Scanner Grenade Launcher Peak State ------------ > --- POWER ------------ Light Nuclear Core > --- PROPULSION ------- Light Treads Light Treads > --- UTILITY ---------- Improved Heat Sink Large Storage Unit > --- WEAPON ----------- EM Pulse Gun Particle Gun > --- INVENTORY -------- Light Nuclear Core Light Treads Large Storage Unit Large Storage Unit Large Battery Improved Terrain Scanner Targeting Computer Grenade Launcher Grenade Launcher [Rating: 13] Favorites ----------- Power Light Ion Engine Engine Light Ion Engine Power Core Light Nuclear Core Propulsion Light Treads Treads Light Treads Wheel Wheel Utility Large Storage Unit Device Improved Heat Sink Storage Large Storage Unit Processor Targeting Computer Weapon EM Pulse Gun Energy Gun EM Pulse Gun Energy Cannon Beam Cannon Ballistic Gun Light Assault Rifle Ballistic Cannon Light Cannon Launcher Grenade Launcher Build | -11 -10 -10 ------- Run | Scr Mat Min Slots Evolved . | . . . Power . | . . . Propulsion . | . . . Utility . | . . . Weapon . | . . . Parts Attached 37 | 7 19 11 Power 4 | 1 2 1 Engine 3 | 1 2 . Core 1 | . . 1 Reactor . | . . . Propulsion 10 | 2 5 3 Treads 6 | 1 3 2 Leg . | . . . Wheel 4 | 1 2 1 Hover . | . . . Flight . | . . . Utility 10 | 2 4 4 Device 4 | 1 1 2 Storage 4 | 1 2 1 Processor 2 | . 1 1 Hackware . | . . . Protection . | . . . Artifact . | . . . Weapon 13 | 2 8 3 Energy Gun 5 | 2 2 1 Energy Cannon 2 | . 2 . Ballistic Gun 2 | . 2 . Ballistic Cannon 1 | . . 1 Launcher 3 | . 2 1 Special Weapon . | . . . Impact Weapon . | . . . Slashing Weapon . | . . . Piercing Weapon . | . . . Special Melee Weapon . | . . . Unidentified Prototypes . | . . . Parts Lost 9 | . 1 8 Power 1 | . . 1 Propulsion 3 | . . 3 Utility . | . . . Weapon 5 | . 1 4 Highest Loss Streak 4 | . 1 4 Average Slot Usage (%) 98 | . 99 97 Engine 8 | . 14 . Core 5 | . . 13 Treads 23 | . 20 26 Wheel 4 | . 7 . Device 7 | . 7 8 Storage 15 | . 14 18 Processor 4 | . 6 1 Energy Gun 19 | . 17 22 Energy Cannon 2 | . 5 . Ballistic Gun 2 | . 3 . Ballistic Cannon 1 | . . 3 Naked Turns . | . . . Heaviest Build 41 | 11 27 41 Greatest Support 40 | 10 40 40 Greatest Overweight (x) 2 | 1 2 2 Average Overweight (x) . | . . . Largest Inventory Capacity 16 | 6 10 16 Average Capacity 9 | 5 8 11 Most Carried 13 | 6 10 13 Average Carried 8 | 4 8 9 Final Capacity 10 | 6 10 10 Final Carried 10 | 6 10 6 Class Distribution -------------------- 100% | Mutant Dominant Class ---------------- Mutant | -10/Materials Mutant | -10/Mines Resources | -11 -10 -10 ----------- Run | Scr Mat Min Matter Collected 646 | 270 267 109 Remotely . | . . . Salvage Created 1258 | 179 581 498 Parts 73 | 22 25 26 Haulers Intercepted 1 | . 1 . Recyclers Shooed 1 | . 1 . Parts Field Recycled . | . . . Retrieved Matter . | . . . Parts Self-Destructed . | . . . Prevented . | . . . Kills | -11 -10 -10 ------- Run | Scr Mat Min Combat Hostiles Destroyed 18 | . 9 9 Guns 10 | . 2 8 Cannons 4 | . 4 . AOE 2 | . 1 1 Classes Destroyed 8 | 2 5 1 Worker 1 | 1 . . Tunneler 7 | 7 . . Hauler 1 | . 1 . Recycler 3 | . 1 2 Operator 1 | . 1 . Watcher 3 | . 3 . Grunt 17 | . 9 8 Sentry 1 | . . 1 Best Kill Streak 6 | 5 3 6 Combat Bots Only 4 | . 2 4 Max Kills in Single Turn 1 | 1 1 1 Gunslinging . | . . . Exploded 1 | . 1 1 Melee . | . . . Uniques/NPCs Destroyed . | . . . Combat | -11 -10 -10 -------- Run | Scr Mat Min Damage Taken 1390 | . 547 843 Core 250 | . 58 192 Absorbed by Shields . | . . . Core Remaining (%) 100 | 100 . . Volleys Fired 125 | 22 52 51 Largest 2 | 2 2 2 Hottest 105 | 80 100 105 Shots Fired 188 | 25 88 75 Gun 152 | 25 69 58 Cannon 29 | . 16 13 Launcher 7 | . 3 4 Special . | . . . Kinetic 33 | . 20 13 Thermal 41 | 3 16 22 Explosive 7 | . 3 4 Electromagnetic 107 | 22 49 36 Robot Hit Streak 22 | 6 14 22 Robot Miss Streak 4 | 4 3 3 Penetration Max . | . . . Secondary Targets 2 | . 1 1 Max Gunslinging Chain 1 | . 1 1 Shots Hit Robots 121 | 13 57 51 Core Hits 53 | 8 22 23 Critical Hits 1 | . 1 . Critical Kills . | . . . Critical Parts Destroyed 1 | . 1 . Melee Attacks . | . . . Impact . | . . . Slashing . | . . . Piercing . | . . . Sneak Attacks . | . . . Combat Hostiles . | . . . Follow-up Attacks . | . . . Damage Inflicted 2103 | 263 903 937 Guns 1353 | 184 574 595 Cannons 388 | . 194 194 Explosions 362 | 79 135 148 Melee . | . . . Ramming . | . . . Kinetic 307 | . 113 194 Thermal 627 | 91 262 274 Explosive 215 | . 67 148 Electromagnetic 954 | 172 461 321 Impact . | . . . Slashing . | . . . Piercing . | . . . Highest Corruption . | . . . Average Corruption . | . . . Corruption Purged . | . . . Overload Shots . | . . . Overflow Damage . | . . . Projectiles . | . . . Explosions . | . . . Melee . | . . . Knockbacks . | . . . Impact . | . . . Kinetic . | . . . Secondary . | . . . Self-Inflicted Damage 83 | . 83 . Shots 2 | . 2 . Rammed . | . . . Targets Rammed . | . . . Kicked . | . . . Crushed . | . . . Highest Temperature 248 | 36 197 248 Average Temperature 80 | 23 87 78 Received Heat Transfer 639 | . 258 381 Effects 1 | . . 1 Interference 1 | . . 1 Siege Activations . | . . . Robots Corrupted 2 | . 2 . Combat Hostiles 2 | . 2 . Parts Fried 3 | . 2 1 Impact Corruptions . | . . . Robots Melted . | . . . Combat Hostiles . | . . . Parts Melted 1 | 1 . . Heat Transferred 1348 | 175 507 666 Parts Sabotaged . | . . . Parts Stolen . | . . . Parts Stripped . | . . . Power Chain Reactions 3 | 2 1 . Missiles Intercepted . | . . . Alert | -11 -10 -10 ------- Run | Scr Mat Min Peak Influence 243 | 40 243 181 Initial 36 | . 26 36 Average 88 | 19 102 94 Maximum Alert Level 1 | . 1 . Low Security (%) 90 | 100 80 100 Level 1 9 | . 19 . Level 2 . | . . . Level 3 . | . . . Level 4 . | . . . Level 5 . | . . . High Security . | . . . Max Security . | . . . Squads Dispatched 1 | . 1 . Investigation . | . . . Extermination . | . . . Reinforcement 1 | . 1 . Assault . | . . . Garrison . | . . . Intercept . | . . . Construction Impeded . | . . . Haulers Reinforced . | . . . Stealth | -11 -10 -10 --------- Run | Scr Mat Min Distress Signals 2 | . 1 1 Communications Jammed . | . . . Distress Signals . | . . . Times Spotted 24 | . 15 9 Peak Tracking Total 3 | . 3 3 Tactical Retreats 2 | . 2 . Traps | -11 -10 -10 ------- Run | Scr Mat Min Traps Triggered . | . . . Indirectly . | . . . Trap Hack Attempts . | . . . Triggered . | . . . Disarmed . | . . . Reprogrammed . | . . . Reused . | . . . Traps Extracted . | . . . Installed . | . . . Triggered 2 | . 2 . Machines | -11 -10 -10 ---------- Run | Scr Mat Min Machines Disabled 2 | . 1 1 Max in Single Turn 1 | . 1 1 Machines Sabotaged . | . . . Garrisons Compromised . | . . . Overloaded Fab Kills . | . . . Fab Network Shutdowns . | . . . Hacking | -11 -10 -10 --------- Run | Scr Mat Min Machines Accessed 9 | . 9 . Terminals 7 | . 7 . Fabricators . | . . . Repair Stations 1 | . 1 . Recycling Units 1 | . 1 . Scanalyzers . | . . . Garrison Access . | . . . Total Hacks 33 | . 33 . Successful 16 | . 16 . Failed 17 | . 17 . Catastrophic . | . . . Database Lockouts . | . . . Manual 15 | . 15 . Terminals 29 | . 29 . Fabricators . | . . . Repair Stations 2 | . 2 . Recycling Units 2 | . 2 . Scanalyzers . | . . . Garrison Access . | . . . Terminal Hacks 10 | . 10 . Part Schematic 1 | . 1 . Prototype ID Bank 2 | . 2 . Emergency Access Points 1 | . 1 . Terminal Index 1 | . 1 . Unreport Threat 1 | . 1 . Locate Traps 1 | . 1 . Registered Components 1 | . 1 . Zone Layout 2 | . 2 . Fabricator Hacks . | . . . Repair Station Hacks . | . . . Recycling Unit Hacks 2 | . 2 . Retrieve Matter 1 | . 1 . Retrieve Components 1 | . 1 . Scanalyzer . | . . . Garrison Access Hacks . | . . . Unauthorized Hacks 4 | . 4 . Terminals 4 | . 4 . Track 2 | . 2 . Botnet 1 | . 1 . Operators 1 | . 1 . Fabricators . | . . . Repair Stations . | . . . Recycling Units . | . . . Scanalyzers . | . . . Garrison Access . | . . . Data Cores Recovered . | . . . Used . | . . . Hacking Detections 8 | . 8 . Full Trace Events . | . . . Feedback Events . | . . . Feedback Blocked . | . . . Robot Schematics Acquired . | . . . Robots Built . | . . . Matter . | . . . Time . | . . . Total Robot Build Rating . | . . . Part Schematics Acquired 1 | . 1 . Parts Built . | . . . Matter . | . . . Time . | . . . Total Part Build Rating . | . . . Parts Repaired . | . . . Time . | . . . Parts Recycled . | . . . Recycled Matter . | . . . Retrieved Matter . | . . . Retrieved Components 7 | . 7 . Parts Scanalyzed . | . . . Part Schematics Acquired . | . . . Parts Damaged . | . . . Bothacking | -11 -10 -10 ------------ Run | Scr Mat Min Used RIF Installer . | . . . Robots Hacked . | . . . Non-combat . | . . . Combat . | . . . Robot Hacks Applied . | . . . Relay Couplers Released . | . . . Robots Rewired . | . . . Allies Hacked . | . . . Hacks Repelled . | . . . Allies | -11 -10 -10 -------- Run | Scr Mat Min Total Allies . | . . . Largest Group . | . . . Highest-Rated Group . | . . . Highest-Rated Ally . | . . . Total Orders . | . . . Ally Attacks . | . . . Total Damage . | . . . Kills . | . . . Allies Corrupted . | . . . Allies Melted . | . . . Intel | -11 -10 -10 ------- Run | Scr Mat Min Robot Analysis Total . | . . . Derelict Logs Recovered 2 | . . 2 Drone Launches . | . . . Drone Recoveries . | . . . Exploration | -11 -10 -10 ------------- Run | Scr Mat Min Turns Passed 1806 | 241 894 671 Spaces Moved 893 | 122 469 302 Core 8 | 8 . . Treads 599 | . 322 277 Legs . | . . . Wheels 286 | 114 147 25 Hover . | . . . Flight . | . . . Fastest Speed 50 | 50 90 100 Average Speed 140 | 80 143 160 Slowest Speed 180 | 100 180 180 Overloaded Moves . | . . . Propulsion Burnouts . | . . . Robots Hopped . | . . . Cave-ins Triggered . | . . . Exploration Rate (%) 53 | 5 91 65 Regions Visited 2 Branch Regions 1 Pre-discovered Areas . | . . . Known Exits Taken . | . . . Unknown Exits Taken 2 | 1 1 . Scrap Searched 1 | . . 1 Spaces Dug 14 | . 14 . Terrain Destroyed 70 | 7 36 27 Melee . | . . . Projectile . | . . . AOE 70 | 7 36 27 Terrain Rammed . | . . . Walls Destroyed . | . . . Machines Disabled . | . . . Actions | -11 -10 -10 --------- Run | Scr Mat Min Total 1263 | 236 612 415 Wait 156 | 80 37 39 Move 891 | 121 468 302 Hop . | . . . Pick Up 26 | 6 15 5 Fast Attach 16 | 7 6 3 Attach 7 | . 2 5 Detach 2 | . 1 1 Swap 14 | . 11 3 Drop 26 | . 20 6 Fire 125 | 22 52 51 Melee . | . . . Ram . | . . . Kick . | . . . Crush . | . . . Escape Stasis . | . . . Rewire . | . . . Trap . | . . . Miscellaneous . | . . . Route ------- -11/Scrapyard -10/Materials (discovered 4 exits: [*Mat x3] / [*Min]) -10/Mines (discovered 2 exits: [*Mat x2]) History --------- Turn | Location | Event 4 | -11/Scrapyard | Discovered new exit (range 16) 242 | -11/Scrapyard | Entered Materials 293 | -10/Materials | Discovered new exit (range 20) 322 | -10/Materials | Discovered new exit (range 13) 324 | -10/Materials | Build established: Mutant 808 | -10/Materials | Discovered new exit (range 14) 907 | -10/Materials | Discovered new exit (range 16) 1136 | -10/Materials | Entered Mines 1291 | -10/Mines | Discovered new exit (range 6) 1323 | -10/Mines | Excavation squad dispatched 1323 | -10/Mines | A large section of the Mines collapsed 1426 | -10/Mines | Discovered new exit (range 15) 1465 | -10/Mines | Learned 8 Materials zone layouts 1553 | -10/Mines | Core integrity fell below 50% 1599 | -10/Mines | Lost 3 parts (1n2w) 1735 | -10/Mines | Learned 4 Materials zone layouts 1787 | -10/Mines | Core integrity fell below 20% 1807 | -10/Mines | Destroyed by Y-45 Defender with Heavy Assault Rifle Last Messages --------------- 01564_ Grenade Launcher destroyed. 01568_ Wheel destroyed. 01572_ Destroyed Particle Gun. 01577_ G-47 Trooper heat spikes uncontrollably. 01578_ G-47 Trooper heat damages Aluminum Leg. 01580_ G-47 Trooper destroyed. 01582_ Acquired 20 matter. 01590_ Acquired 21 matter. 01627_ Acquired Lgt. Cannon. 01640_ U-05 Engineer lays Concrete. 01644_ U-05 Engineer builds a Wall. 01655_ Acquired 23 matter. 01659_ K-01 Serf collects debris. 01735_ Acquired derelict log, extracted data. Data stored: Materials zone layouts (x4). 01781_ Lgt. Treads destroyed. 01784_ Lgt. Nuclear Core destroyed. 01788_ Y-45 Defender destroyed. 01792_ Particle Gun destroyed. 01794_ Discarded Targeting Computer. Map ----- +----------------------------------------------------+ | ?????????????????????????????????????????? | | ?????????????????????????????????????????? | | ?????????????????????????????????????????? | | ?????????????????????????????????????????? | | ?????????????????????????????????????????? | | ?????????????????????????????????????????? | | ?????????????????????????????????????????? | | ?????????????????????????????????????????? | | ?????????????????????????????????????????? | | ?????????????????????????????????????????? | | ?????????????????????????????????????????? | | ?????????????????????????????????????????? | | ?????????????????????????????????????????? | | ?????????????????????????????????????????? | | ?????????????????????????????????????????? | | ????????????????????????????????????????? | | ?????????????????????????????????????????< | | ??????????????????#########?????????????? | | ?????????????????## ##????????????? | | ????????????###?## ##???????#???? | | ???????????##!!## ## #??????? ??? | | ???????????#"]! # ##### #???????# ### | | ???????????# + #???## ##???#### # % | | ???????????# ;= #????## #### ! | | ???????????#"[[ #%Y#?????# | | ???????????##!??#@ ####### ###?# | | ???????????????#### ## ### ###??## | | ??????????????## #?#%#?#### | | ?????????????## #?# ? | | ????????????## ##?#####??# | | ????????????# ##?????????# | | ????????????# ##?????????# | | ????????????## #######???# | | ?????????????# #???# | | ?????????????## #??# ## | | ??????????????## ### #??# #? | | ???????????????# ##??#######??# #? | | ?????####?????## ##????????????# #? | | ????## !##???## ###?????????????# #? | | ???## #??## ##???????????????# #? | | ???# #??# ##???????????????# #? | | ???# ! ##?# ## #??####???????### #? | | ???## #??###??## #### ##??????# #? | | ????# *#???????### ## #??????# #? | | ????## #?????? ## ######## ###? | | ?????# #????? ## #??? | | ?????# #????# #### #??? | | ?????# ##### #???## #### #??? | | ?????# " #?????## #??# #?? | | ?????# ### ## ##??????## ### """ # | +----------------------------------------------------+ Best States ------------- Heat Dissipation 39 Energy Generation 14 Energy Capacity 250 Matter Stores 300 Matter Capacity 300 Sight Range 16 Terrain Scan Range 16 Terrain Scan Density 10 Evasion (%) 44 Targeting Accuracy 5 Recoil Reduction 2 Item Schematics ----------------- Lrg. Storage Unit | -10/Materials | Hacked Robot Schematics ------------------ None Fabricated ------------ Nothing Alien Tech Used ----------------- None Achievements -------------- None Challenges ------------ None Game ------ Seed HoverSwarmCharger Manual? 0 Play Time 00:33:53 Cumulative 126.1 hours Start 2021.01.17 @ 01:37:30 End 2021.01.17 @ 02:12:54 Sessions 1 Manual Loads 0 Difficulty Rogue Special Mode None Game No. 81 Rogue 81 Adventurer 0 Explorer 0 Win Type - Total 3 Types 3/0/0/0/0/0/0/0/0 Lore% 33 Gallery% 56 Achievement% 43 Wizard Run 0 Options --------- ASCII 0 Keyboard 0 Movement Mouse Keybinds 0 Fullscreen 2 Font 18/TerminusBold Map View 76x50 Tactical HUD 1 Map Filters NONE Filters NONE Steam 1 RUN: 0f61e428-ba8f-48f5-b22f-19e7e3d8f95a